 Dungeon Crawl Stone Soup version 0.31-a0-180-g519b7de00c (webtiles) character file.

Game seed: 17151483115439714195

128 Maxmaps the Shooter (level 4, -4/32 HPs)
             Began as a Demonspawn Hexslinger on June 19, 2023.
             Slain by Menkaure (12 damage)
             ... on level 4 of the Dungeon.
             The game lasted 00:01:46 (2969 turns).

Maxmaps the Shooter (Demonspawn Hexslinger)         Turns: 2969, Time: 00:01:47

Health: -4/32      AC:  5    Str:  8    XL:     4   Next: 86%
Magic:  5/5        EV: 10    Int: 17    God:
Gold:   113        SH:  0    Dex: 15    Spells: 4/5 levels left

rFire   . . .        a - +1 sling
rCold   . . .        (no shield)
rNeg    . . .        i - +0 ring mail
rPois   .            (no helmet)
rElec   .            (no cloak)
rCorr   .            (no gloves)
SInv    .            (no boots)
Will    +....        (no amulet)
Stlth   +            f - ring of willpower
HPRegen 0.25/turn    (no ring)
MPRegen 0.09/turn

%: no passive effects
@: no status effects
A: demonic magic 1
a: no special abilities


You were on level 4 of the Dungeon.
You visited 1 branch of the dungeon, and saw 4 of its levels.

You collected 113 gold pieces.

Inventory:

Hand Weapons
 a - a +1 sling (weapon)
 j - the +6 whip of Capital Punishment {heavy, rC++}
   (You found it on level 2 of the Dungeon)

   rC:        It greatly protects you from cold.
Missiles
 r - a throwing net
Armour
 c - a +0 robe
 i - a +0 ring mail (worn)
Jewellery
 f - a ring of willpower (left hand)
Wands
 o - a wand of polymorph (6)
Scrolls
 b - a scroll of poison
 d - 5 scrolls of identify {unknown}
 g - a scroll of enchant weapon {unknown}
 k - a scroll of torment {unknown}
Potions
 e - 2 potions of curing {unknown}
 h - a potion of brilliance {unknown}
 l - a potion of lignification {unknown}
 m - a potion of attraction {unknown}
 n - 2 potions of resistance {unknown}
 p - a potion of degeneration {unknown}
 q - a potion of heal wounds {unknown}


   Skills:
 - Level 1.0 Fighting
 + Level 4.7 Ranged Weapons
 - Level 1.7 Dodging
 - Level 1.0 Spellcasting
 - Level 3.0 Hexes


You had 4 spell levels left.
You knew the following spells:

 Your Spells              Type           Power      Damage    Failure   Level
a - Slow                  Hex            44%        N/A       19%         1

Your spell library contained the following spells:

 Spells                   Type           Power      Damage    Failure   Level
 Inner Flame              Hex/Fire       5%         N/A       71%         3
 Portal Projectile        Hex/Tloc       10%        N/A       71%         3
 Cause Fear               Hex            5%         N/A       88%         4


Dungeon Overview and Level Annotations

Branches:
Dungeon (4/15)
 Temple: D:4-7

Altars:
Uskayaw

Annotations:
D:4 Menkaure


Innate Abilities, Weirdness & Mutations

Spells you cast may paralyse adjacent enemies.


Message History

The sling bullet barely misses Menkaure.
You shoot a sling bullet. The sling bullet hits Menkaure!
Menkaure is moderately damaged.
Menkaure points at you and mumbles some strange words.
Pain shoots through your body!
Menkaure calls on the powers of darkness!
Your body is wracked with pain!
You are too injured to fight recklessly!
You are too injured to fight recklessly!
You are too injured to fight recklessly!
Fire: a) +1 sling
Press: ? - help, Shift-Dir - straight line, f/p - Menkaure
Aim: Menkaure (moderately damaged, fast, 74% to hit)
You shoot a sling bullet. The sling bullet hits Menkaure.
Menkaure is moderately damaged.
Menkaure calls on the powers of darkness!
Your body is wracked with pain!
* * * LOW HITPOINT WARNING * * *
Unknown command.
Fire: a) +1 sling
Press: ? - help, Shift-Dir - straight line, f/p - Menkaure
Aim: Menkaure (moderately damaged, fast, 74% to hit)
You shoot a sling bullet.
The sling bullet hits Menkaure but does no damage.
Menkaure is moderately damaged.
Fire: a) +1 sling
Press: ? - help, Shift-Dir - straight line, f/p - Menkaure
Aim: Menkaure (moderately damaged, fast, 74% to hit)
You shoot a sling bullet. The sling bullet hits Menkaure.
Menkaure is heavily damaged.
Menkaure gestures at you while chanting.
You resist with some effort.
Fire: a) +1 sling
Press: ? - help, Shift-Dir - straight line, f/p - Menkaure
Aim: Menkaure (heavily damaged, fast, 74% to hit)
You shoot a sling bullet.
The sling bullet hits Menkaure but does no damage.
Menkaure is heavily damaged.
Menkaure hits you!
You die...

#####.... .#.......#
.........# .........#
.......# .....# #M..#
#####.@.#####
#...#...#...#
#.>.#...#.<.#
#...#...#...#
######+###'###+######
#...#...#...#...#...#
#.>.+.8.'.⌠.'.8.+.<.#
#...#...#...#...#...#
######+###'###'######


You could see Menkaure (fast).

Vanquished Creatures
  An orc priest (D:3)
  Ijyb (D:3)
  2 adders (D:2)
  A dart slug (D:1)
  4 orcs (D:3)
  6 ball pythons
  4 endoplasms
  A giant cockroach (D:1)
  3 goblins
  6 hobgoblins
  5 kobolds
  2 quokkas (D:1)
  6 bats
  2 frilled lizards
  6 rats
50 creatures vanquished.

Notes
Turn   | Place    | Note
-------+----------+-------------------------------------------
     0 | D:1      | Maxmaps the Demonspawn Hexslinger began the quest for the
                  | Orb.
     0 | D:1      | Reached XP level 1. HP: 15/15 MP: 2/2
    33 | D:1      | Reached skill level 2 in Ranged Weapons
   114 | D:1      | Found a faded altar of an unknown god.
   116 | D:1      | Gained mutation: Spells you cast may paralyse adjacent
                  | enemies. [demonic ancestry]
   116 | D:1      | Reached XP level 2. HP: 21/21 MP: 3/3
   682 | D:1      | Reached skill level 3 in Ranged Weapons
   889 | D:2      | Identified the +6 whip of Capital Punishment {heavy, rC++}
  1017 | D:2      | Reached XP level 3. HP: 19/26 MP: 4/4
  1127 | D:2      | Found a hide-covered altar of Uskayaw.
  2048 | D:3      | Noticed Ijyb
  2062 | D:3      | Killed Ijyb
  2063 | D:3      | Reached skill level 4 in Ranged Weapons
  2063 | D:3      | Reached XP level 4. HP: 14/32 MP: 5/5
  2318 | D:3      | HP: 1/32 [orc priest/divine providence (15)]
  2962 | D:4      | Noticed Menkaure
  2969 | D:4      | Slain by Menkaure

Illustrated notes

Levels and vault maps discovered:
D:1:      ebering_trefoil_twist, layout_loops_ring, serial_rivers,
          chequers_serial_rivers_marsh, chequers_serial_rivers_room_b,
          chequers_serial_rivers_large_a, chequers_serial_rivers_room_b,
          chequers_serial_rivers_small_b, chequers_ecumenical_altar_simple,
          minmay_bisected
D:2:      layout_basic, basic_altar
D:3:      layout_loops_corners, wander_ebering_terrifying_dragon_lair, uniq_ijyb
D:4:      layout_rooms, hangedman_decor_diamond_cutter,
          nicolae_elevator_lobby_plus, uniq_grinder, uniq_menkaure

Skill      XL: |  1  2  3 |
---------------+----------+-----
Ranged Weapons | 2 3 4 |  4.7
Fighting       | |  1.0
Dodging        | |  1.7
Spellcasting   | |  1.0
Hexes          | |  3.0

Action                     |  1- 3 |  4- 6 || total
---------------------------+-------+-------++-------
   Fire: Sling             |   136 |    61 ||   197
 Armour: Ring mail         |    29 |    11 ||    40
         Robe              |     3 |       ||     3
  Dodge: Dodged            |    53 |    13 ||    66

Table legend: (Time is in decaauts)
 A = Elapsed time spent in this place.
 B = Non-inter-level travel time spent in this place.
 C = Inter-level travel time spent in this place.
 D = Time resting spent in this place.
 E = Time spent auto-exploring this place.
 F = Levels seen in this place.
 G = Mean time per level.
                   A        B        C        D        E       F      G
               +--------+--------+--------+--------+--------+-----+--------+
         Total |   3062 |   2959 |    103 |    195 |   2374 |   4 |  765.5 |
       Dungeon |   3062 |   2959 |    103 |    195 |   2374 |   4 |  765.5 |
               +--------+--------+--------+--------+--------+-----+--------+

Top non-repeatable levels by time:
     D:3: 1142 daAuts
     D:2: 989 daAuts
     D:1: 893 daAuts
     D:4: 36 daAuts
